 Dungeon Crawl Stone Soup version 0.28-a0-172-g787e458d71 (webtiles) character file.

Game seed: 185415984813359415

36 porpoise the Skirmisher (level 3, -2/31 HPs)
             Began as a Palentonga Fighter on Aug 17, 2021.
             Slain by Natasha (11 damage)
             ... on level 2 of the Dungeon.
             The game lasted 00:02:27 (682 turns).

porpoise the Skirmisher (Palentonga Fighter)         Turns: 682, Time: 00:02:27

Health: -2/31      AC:  6    Str: 20    XL:     3   Next: 19%
Magic:  3/3        EV:  5    Int:  8    God:
Gold:   63         SH:  7    Dex:  9    Spells: 2/2 levels left

rFire   . . .      SeeInvis +   a - +0 war axe
rCold   . . .      Faith    .   c - +0 kite shield
rNeg    . . .      Spirit   .   b - +0 scale mail
rPois   .          Reflect  .   (no helmet)
rElec   .          Harm     .   (no cloak)
rCorr   .          Rampage  .   (no gloves)
Will    .....                   (no barding)
Stlth   ..........              (no amulet)
HPRegen 0.10/turn               (no ring)
MPRegen 0.08/turn               (no ring)

@: no status effects
A: large, rugged brown scales 3, see invisible, deformed body, roll 1, armoured
tail
a: Rolling Charge


You were on level 2 of the Dungeon.
You visited 1 branch of the dungeon, and saw 2 of its levels.

You collected 63 gold pieces.

Inventory:

Hand Weapons
 a - a +0 war axe (weapon)
Missiles
 e - 44 arrows
Armour
 b - a +0 scale mail (worn)
 c - a +0 kite shield (worn)
Scrolls
 f - a scroll of magic mapping {unknown}
 g - a scroll of identify {unknown}
 h - a scroll of noise {unknown}
 k - a scroll of fog {unknown}
Potions
 d - a potion of might
 i - a potion of ambrosia {unknown}
 j - a potion of attraction {unknown}


   Skills:
 * Level 3.5 Fighting
 * Level 2.8 Axes
 - Level 2.4 Armour
 + Level 2.6 Shields


You had 2 spell levels left.
You didn't know any spells.
Your spell library was empty.

Dungeon Overview and Level Annotations

Branches:
Dungeon (2/15)

Altars:
Zin

Annotations:
D:2 Natasha


Innate Abilities, Weirdness & Mutations

You are completely covered in rugged brown scales. (AC +3, +7% HP)
You have supernaturally acute eyesight. (SInv)
Armour fits poorly on your strangely shaped body.
You can roll at nearby foes to attack.
You have a long armoured tail.


Message History

Roll where?
Press: ? - help, Dir - move target, f - Natasha
Aim: Natasha You roll forward with a clatter of scales!
You barely miss Natasha.
A bat comes into view.
Natasha claws you.
Natasha casts a spell.
The bat moves out of view.
You barely miss Natasha.
Natasha drinks a potion.
Natasha seems to grow stronger.
Natasha casts a spell at you. The magic dart hits you.
You hit Natasha.
Natasha is lightly wounded.
Natasha claws you.
You closely miss Natasha.
Natasha is lightly wounded.
You block Natasha's attack. Natasha claws you.
You completely miss Natasha.
Natasha is lightly wounded.
The crimson imp laughs crazily.
Natasha claws you but does no damage.
You barely miss Natasha.
Natasha is lightly wounded.
Natasha casts a spell.
Natasha claws you!
You barely miss Natasha.
You tail-slap Natasha, but do no damage.
Natasha is lightly wounded.
You block Natasha's attack.
You barely miss Natasha.
Natasha is lightly wounded.
Natasha hisses.
You block Natasha's attack. Natasha claws you.
* * * LOW HITPOINT WARNING * * *
You closely miss Natasha.
Natasha is lightly wounded.
You block Natasha's attack.
The crimson imp blinks!
Natasha claws you!
You die...

#. .. ..
###### .#
...5.####..#
#....@hb5#
#..#####....#
##..##### ...
#.##.......#
#
#..........#
#####.._...#
#......#
#......#
#####...#..#


You could see Natasha (strong), a crimson imp (summoned), a shadow imp
(summoned) and a bat.

Vanquished Creatures
  Natasha (D:2)
  3 ball pythons (D:1)
  A giant cockroach (D:1)
  A goblin (D:1)
  A hobgoblin (D:1)
  A quokka (D:1)
  A frilled lizard (D:1)
  3 rats (D:1)
12 creatures vanquished.

Notes
Turn   | Place    | Note
-------+----------+-------------------------------------------
     0 | D:1      | porpoise the Palentonga Fighter began the quest for the
                  | Orb.
     0 | D:1      | Reached XP level 1. HP: 19/19 MP: 1/1
    79 | D:1      | Found a faded altar of an unknown god.
   280 | D:1      | Reached XP level 2. HP: 25/25 MP: 2/2
   469 | D:2      | Noticed Natasha
   470 | D:2      | Noticed a crimson imp
   479 | D:2      | Killed Natasha
   480 | D:2      | Reached XP level 3. HP: 13/31 MP: 3/3
   665 | D:2      | Found a glowing silver altar of Zin.
   673 | D:2      | Noticed Natasha
   682 | D:2      | Slain by Natasha

Illustrated notes

Levels and vault maps discovered:
D:1:      minmay_arrival_three_doors, layout_basic,
          ebering_ecumenical_altar_hall
D:2:      layout_basic, basic_altar, serial_glass, glass_columns_c,
          glass_columns_a, glass_columns_c, glass_columns_b, glass_columns_a,
          glass_columns_a, minmay_cut_off, uniq_sigmund,
          uniq_crazy_yiuf_cottage, uniq_natasha

Action                   || total
-------------------------++-------
Melee: War axe           ||    38
       Tailslap          ||     5
 Abil: Rolling Charge    ||    10
Armor: Scale mail        ||    12
Dodge: Dodged            ||     4
Block: Kite shield       ||    15

Table legend: (Time is in decaauts)
 A = Elapsed time spent in this place.
 B = Non-inter-level travel time spent in this place.
 C = Inter-level travel time spent in this place.
 D = Time resting spent in this place.
 E = Time spent auto-exploring this place.
 F = Levels seen in this place.
 G = Mean time per level.
                   A        B        C        D        E       F      G
               +--------+--------+--------+--------+--------+-----+--------+
         Total |    704 |    696 |      8 |    167 |    356 |   2 |  352.0 |
       Dungeon |    704 |    696 |      8 |    167 |    356 |   2 |  352.0 |
               +--------+--------+--------+--------+--------+-----+--------+

Top non-repeatable levels by time:
     D:1: 462 daAuts
     D:2: 242 daAuts
